SAA
ATHLETIC CLUB KC ACADEMY @ IRVING BLUE SOX
06/09/2029
 
TOP OF THE 1ST
Athletic Club KC Academy batting - Pitching for Irving Blue Sox : RHP Don Blessing
Pitching: RHP Don Blessing
Batting: LHB Pablo Hernández 0-0: Ball
1-0: Foul Ball, location: 2F
1-1: Ball
2-1: Called Strike
2-2: Foul Ball, location: 2F
2-2: Foul Ball, location: 2F
2-2: Foul Ball, location: 2F
2-2: Strikes out looking
Batting: RHB Colin Bottone 0-0: SINGLE (Flyball, 9LM)
Batting: LHB Ramón Morterero 0-0: Ball
1-0: Ball
2-0: Ball
3-0: Base on Balls
Colin Bottone to second
Batting: LHB Kwang-chih Feng 0-0: Foul Ball, location: 2F
0-1: Ground out 4-3 (Groundball, 4D)
Colin Bottone to third
Ramón Morterero to second
Batting: RHB Tae-kyun Chon 0-0: Ball
1-0: Foul Ball, location: 2F
1-1: Swinging Strike
1-2: Ball
2-2: SINGLE (Groundball, 25) (infield hit)
Colin Bottone scores
Ramón Morterero to third
Batting: RHB Fernando Rodríguez 0-0: Called Strike
0-1: Foul Ball, location: 2F
0-2: Fly out, F9 (Flyball, 9D)
Top of the 1st over - 1 run, 2 hits, 0 errors, 2 left on base; Athletic Club KC Academy 1 - Irving 0
BOTTOM OF THE 1ST
Irving Blue Sox batting - Pitching for Athletic Club KC Academy : RHP Gabriel Reyes
Pitching: RHP Gabriel Reyes
Batting: RHB Cisco Hernández 0-0: Ball
1-0: Bunted foul
1-1: Ball
2-1: SINGLE (Line Drive, 6)
Batting: RHB Eisse Cals 0-0: Called Strike
0-1: Ball
Wild Pitch!
Cisco Hernández to second
1-1: Ball
2-1: Ground out 1-3 (Groundball, P)
Cisco Hernández to third
Batting: RHB Tom Boyer 0-0: Ground out 6-3 (Groundball, 6)
Cisco Hernández scores
Batting: LHB Myron Rosenbalm 0-0: Called Strike
0-1: Ball
1-1: SINGLE (Groundball, 6) (infield hit)
Batting: SHB John Clayton 0-0: Ball
1-0: Foul Ball, location: 2F
1-1: Foul Ball, location: 2F
1-2: Strikes out swinging
Bottom of the 1st over - 1 run, 2 hits, 0 errors, 1 left on base; Athletic Club KC Academy 1 - Irving 1
TOP OF THE 2ND
Athletic Club KC Academy batting - Pitching for Irving Blue Sox : RHP Don Blessing
Batting: SHB Gerald Merendino 0-0: Called Strike
0-1: Swinging Strike
0-2: Ball
1-2: Fly out, F8 (Flyball, 8RM)
Batting: RHB Troy Whitehurst 0-0: Ball
1-0: Swinging Strike
1-1: Ball
2-1: Foul Ball, location: 2F
2-2: Foul Ball, location: 2F
2-2: Ball
3-2: Foul Ball, location: 2F
3-2: Base on Balls
Batting: RHB Dewey Nauss 0-0: Fly out, F8 (Flyball, 8LD)
Batting: LHB Pablo Hernández 0-0: Fly out, F7 (Flyball, 7D)
Top of the 2nd over - 0 runs, 0 hits, 0 errors, 1 left on base; Athletic Club KC Academy 1 - Irving 1
BOTTOM OF THE 2ND
Irving Blue Sox batting - Pitching for Athletic Club KC Academy : RHP Gabriel Reyes
Batting: RHB Scott Donlan 0-0: Ball
1-0: Ball
2-0: Called Strike
2-1: Swinging Strike
2-2: Fly out, F6 (Flyball, 6D)
Batting: RHB Wessel Wemerman 0-0: Called Strike
0-1: Ball
1-1: Swinging Strike
1-2: Strikes out swinging
Batting: SHB Lúcio Gonzáles 0-0: Ball
1-0: Ball
2-0: Foul Ball, location: 2F
2-1: Ground out 1-3 (Groundball, 13S)
Bottom of the 2nd over - 0 runs, 0 hits, 0 errors, 0 left on base; Athletic Club KC Academy 1 - Irving 1
TOP OF THE 3RD
Athletic Club KC Academy batting - Pitching for Irving Blue Sox : RHP Don Blessing
Batting: RHB Colin Bottone 0-0: Called Strike
0-1: Ground out 4-3 (Groundball, 4)
Batting: LHB Ramón Morterero 0-0: Foul Ball, location: 2F
0-1: Called Strike
0-2: Strikes out looking
Batting: LHB Kwang-chih Feng 0-0: Called Strike
0-1: Ball
1-1: Ball
2-1: Ball
3-1: Base on Balls
Batting: RHB Tae-kyun Chon 0-0: Ball
1-0: Fielders Choice at 2nd, U6 (Groundball, 6M)
Top of the 3rd over - 0 runs, 0 hits, 0 errors, 1 left on base; Athletic Club KC Academy 1 - Irving 1
BOTTOM OF THE 3RD
Irving Blue Sox batting - Pitching for Athletic Club KC Academy : RHP Gabriel Reyes
Batting: RHB Enrique Gómez 0-0: Ball
1-0: Ball
2-0: Foul Ball, location: 2F
2-1: Ball
3-1: Fly out, F9 (Line Drive, 9)
Batting: RHB Cisco Hernández 0-0: Fly out, F9 (Flyball, 89S)
Batting: RHB Eisse Cals 0-0: Ball
1-0: Called Strike
1-1: Swinging Strike
1-2: Foul Ball, location: 2F
1-2: Fly out, F3 (Line Drive, 3S)
Bottom of the 3rd over - 0 runs, 0 hits, 0 errors, 0 left on base; Athletic Club KC Academy 1 - Irving 1
TOP OF THE 4TH
Athletic Club KC Academy batting - Pitching for Irving Blue Sox : RHP Don Blessing
Batting: RHB Fernando Rodríguez 0-0: Foul Ball, location: 2F
0-1: SINGLE (Line Drive, 89S)
Batting: SHB Gerald Merendino 0-0: Foul Ball, location: 2F
0-1: Ball
1-1: Called Strike
1-2: SINGLE (Groundball, 34D)
Fernando Rodríguez to second
Runner from 2nd tries for 3rd, SAFE, throw made to third
Batting: RHB Troy Whitehurst 0-0: Ball
1-0: Called Strike
1-1: Called Strike
1-2: Strikes out swinging
Batting: RHB Dewey Nauss 0-0: Fly out, F8 (Flyball, 8RD)
Runner from 3rd tags up, OUT at HOME
Top of the 4th over - 0 runs, 2 hits, 0 errors, 1 left on base; Athletic Club KC Academy 1 - Irving 1
BOTTOM OF THE 4TH
Irving Blue Sox batting - Pitching for Athletic Club KC Academy : RHP Gabriel Reyes
Batting: RHB Tom Boyer 0-0: Foul Ball, location: 2F
0-1: Foul Ball, location: 2F
0-2: Ball
1-2: Ground out 6-3 (Groundball, 6)
Batting: LHB Myron Rosenbalm 0-0: Ball
1-0: Ball
2-0: Ball
3-0: Foul Ball, location: 2F
3-1: Base on Balls
Batting: SHB John Clayton 0-0: Fly out, F9 (Flyball, 9S)
Batting: RHB Scott Donlan 0-0: Foul Ball, location: 2F
0-1: Foul Ball, location: 2F
0-2: Ball
1-2: Strikes out swinging
Bottom of the 4th over - 0 runs, 0 hits, 0 errors, 1 left on base; Athletic Club KC Academy 1 - Irving 1
TOP OF THE 5TH
Athletic Club KC Academy batting - Pitching for Irving Blue Sox : RHP Don Blessing
Batting: LHB Pablo Hernández 0-0: SINGLE (Flyball, 8LS)
Batting: RHB Colin Bottone 0-0: Fielders Choice at 2nd, 5-4 (Groundball, 5)
Batting: LHB Ramón Morterero 0-0: Ball
1-0: Foul Ball, location: 2F
1-1: Foul Ball, location: 2F
1-2: Fly out, F5 (Popup, 5SF)
Batting: LHB Kwang-chih Feng 0-0: Ball
1-0: Foul Ball, location: 2F
1-1: Swinging Strike
1-2: Strikes out swinging
Top of the 5th over - 0 runs, 1 hit, 0 errors, 1 left on base; Athletic Club KC Academy 1 - Irving 1
BOTTOM OF THE 5TH
Irving Blue Sox batting - Pitching for Athletic Club KC Academy : RHP Gabriel Reyes
Batting: RHB Wessel Wemerman 0-0: Called Strike
0-1: Ball
1-1: Ball
2-1: Ground out 5-3 (Groundball, 56S)
Batting: SHB Lúcio Gonzáles 0-0: Foul Ball, location: 2F
0-1: Foul Ball, location: 2F
0-2: Ball
1-2: Ground out 4-3 (Groundball, 4)
Batting: RHB Enrique Gómez 0-0: Foul Ball, location: 2F
0-1: Foul Ball, location: 2F
0-2: Foul Ball, location: 2F
0-2: Ball
1-2: Ball
2-2: Foul Ball, location: 2F
2-2: Strikes out swinging
Bottom of the 5th over - 0 runs, 0 hits, 0 errors, 0 left on base; Athletic Club KC Academy 1 - Irving 1
TOP OF THE 6TH
Athletic Club KC Academy batting - Pitching for Irving Blue Sox : RHP Don Blessing
Batting: RHB Tae-kyun Chon 0-0: Ball
1-0: Ball
2-0: Ball
3-0: Called Strike
3-1: SINGLE (Line Drive, 78S)
Batting: RHB Fernando Rodríguez 0-0: Ball
1-0: Bunted foul
1-1: Ball
2-1: Bunt - Flyout! F5
Batting: SHB Gerald Merendino 0-0: SINGLE (Flyball, 3D)
Tae-kyun Chon to second
Runner from 2nd tries for 3rd, SAFE, no throw
Batting: RHB Troy Whitehurst 0-0: Called Strike
0-1: Fly out, F7 (Flyball, 7D)
Runner from 3rd tags up, SCORES, no throw
Batting: RHB Dewey Nauss 0-0: Ball
1-0: Ball
2-0: Ball
3-0: Foul Ball, location: 2F
3-1: Base on Balls
Gerald Merendino to second
Batting: LHB Pablo Hernández 0-0: Swinging Strike
0-1: Called Strike
0-2: Strikes out looking
Top of the 6th over - 1 run, 2 hits, 0 errors, 2 left on base; Athletic Club KC Academy 2 - Irving 1
BOTTOM OF THE 6TH
Irving Blue Sox batting - Pitching for Athletic Club KC Academy : RHP Gabriel Reyes
Batting: RHB Cisco Hernández 0-0: Called Strike
0-1: Ball
1-1: Bunt missed!
1-2: Foul Ball, location: 2F
1-2: Foul Ball, location: 2F
1-2: Ground out 5-3 (Groundball, 56)
Batting: RHB Eisse Cals 0-0: Ground out 6-3 (Groundball, 6)
Batting: RHB Tom Boyer 0-0: Called Strike
0-1: Foul Ball, location: 2F
0-2: Ball
1-2: Ball
2-2: Foul Ball, location: 2F
2-2: Ball
3-2: Ground out U3 (Groundball, 3)
Bottom of the 6th over - 0 runs, 0 hits, 0 errors, 0 left on base; Athletic Club KC Academy 2 - Irving 1
TOP OF THE 7TH
Athletic Club KC Academy batting - Pitching for Irving Blue Sox : RHP Don Blessing
Batting: RHB Colin Bottone 0-0: Ball
1-0: Ground out 6-3 (Groundball, 6)
Batting: LHB Ramón Morterero 0-0: Ball
1-0: Called Strike
1-1: Ball
2-1: Swinging Strike
2-2: Foul Ball, location: 2F
2-2: Foul Ball, location: 2F
2-2: Fly out, F8 (Flyball, 8RD)
Batting: LHB Kwang-chih Feng 0-0: Called Strike
0-1: Ball
1-1: SINGLE (Groundball, 6D)
Pinch Hitting: LHB Chi-hun Chong 0-0: Ball
1-0: Swinging Strike
1-1: Ball
2-1: Foul Ball, location: 2F
2-2: Ground out 1-3 (Groundball, 15S)
Top of the 7th over - 0 runs, 1 hit, 0 errors, 1 left on base; Athletic Club KC Academy 2 - Irving 1
BOTTOM OF THE 7TH
Irving Blue Sox batting - Pitching for Athletic Club KC Academy : RHP Gabriel Reyes
Now at 2B: Roberto Romero
Now at SS: Abdallah Rweikiza
Batting: LHB Myron Rosenbalm 0-0: Fly out, F8 (Flyball, 8RM)
Batting: SHB John Clayton 0-0: Called Strike
0-1: Fly out, F9 (Flyball, 9LMF)
Batting: RHB Scott Donlan 0-0: Ball
1-0: SINGLE (Line Drive, 89S)
Pitching: RHP Rubén Rivera
Batting: RHB Wessel Wemerman 0-0: Ball
1-0: Called Strike
1-1: Ball
2-1: Foul Ball, location: 2F
2-2: Ball
3-2: Base on Balls
Scott Donlan to second
Batting: SHB Lúcio Gonzáles 0-0: Called Strike
0-1: Called Strike
0-2: DOUBLE (Flyball, 89D)
Scott Donlan scores
Wessel Wemerman to third
Runner from 3rd tries for Home, SAFE, no throw
Pinch Hitting: RHB Abel Boga 0-0: Ball
1-0: Foul Ball, location: 2F
1-1: Foul Ball, location: 2F
1-2: Ball
2-2: Fly out, F8 (Flyball, 8LXD)
Bottom of the 7th over - 2 runs, 2 hits, 0 errors, 1 left on base; Athletic Club KC Academy 2 - Irving 3
TOP OF THE 8TH
Athletic Club KC Academy batting - Pitching for Irving Blue Sox : RHP Don Blessing
Now at 2B: José Costello
Batting: RHB Fernando Rodríguez 0-0: Called Strike
0-1: Ball
1-1: Ground out 6-3 (Groundball, 56)
Batting: SHB Gerald Merendino 0-0: Ball
1-0: Foul Ball, location: 2F
1-1: SOLO HOME RUN (Flyball, 9LD), Distance : 362 ft
Batting: RHB Troy Whitehurst 0-0: Fly out, F7 (Flyball, 78S)
Batting: RHB Dewey Nauss 0-0: Called Strike
0-1: Ball
1-1: Foul Ball, location: 2F
1-2: DOUBLE (Flyball, 89D)
Batting: LHB Pablo Hernández 0-0: Ball
1-0: Called Strike
1-1: Fly out, F5 (Popup, 56)
Top of the 8th over - 1 run, 2 hits, 0 errors, 1 left on base; Athletic Club KC Academy 3 - Irving 3
BOTTOM OF THE 8TH
Irving Blue Sox batting - Pitching for Athletic Club KC Academy : RHP Rubén Rivera
Batting: RHB Cisco Hernández 0-0: Swinging Strike
0-1: Fly out, F9 (Flyball, 89S)
Batting: RHB Eisse Cals 0-0: Ground out 3-1 (Groundball, 34)
Batting: RHB Tom Boyer 0-0: Called Strike
0-1: Ground out 5-3 (Groundball, 56S)
Bottom of the 8th over - 0 runs, 0 hits, 0 errors, 0 left on base; Athletic Club KC Academy 3 - Irving 3
TOP OF THE 9TH
Athletic Club KC Academy batting - Pitching for Irving Blue Sox : RHP Don Blessing
Pitching: RHP Rich McLean
Pinch Hitting: LHB Takayuki Yoshikawa 0-0: Ball
1-0: Called Strike
1-1: DOUBLE (Line Drive, 7LM)
Batting: LHB Ramón Morterero 0-0: Intentional Walk
Batting: LHB Kwang-chih Feng 0-0: Ball
1-0: Ball
2-0: Foul Ball, location: 2F
2-1: Ball
3-1: Base on Balls
Takayuki Yoshikawa to third
Ramón Morterero to second
Batting: LHB Abdallah Rweikiza 0-0: Called Strike
0-1: Called Strike
0-2: Strikes out looking
Batting: RHB Fernando Rodríguez 0-0: Ball
1-0: Ball
2-0: Fly out, F8 (Flyball, 8LD)
Runner from 3rd tags up, SCORES, throw made
Batting: SHB Gerald Merendino 0-0: Foul Ball, location: 2F
0-1: Ball
1-1: Foul Ball, location: 2F
1-2: SINGLE (Groundball, 34D)
Ramón Morterero to third
Kwang-chih Feng to second
Runner from 3rd tries for Home, SAFE, no throw
Batting: RHB Troy Whitehurst 0-0: Ball
1-0: Ball
2-0: Ball
3-0: Called Strike
3-1: Base on Balls
Kwang-chih Feng to third
Gerald Merendino to second
Batting: RHB Dewey Nauss 0-0: Foul Ball, location: 2F
0-1: Fielders Choice at 2nd, 5-4 (Groundball, 56)
Top of the 9th over - 2 runs, 2 hits, 0 errors, 3 left on base; Athletic Club KC Academy 5 - Irving 3
BOTTOM OF THE 9TH
Irving Blue Sox batting - Pitching for Athletic Club KC Academy : RHP Rubén Rivera
Pitching: RHP Byron Rosebotham
Now at C: Miguel Rodríguez
Now at 2B: Ijsbrand van Hoogewegen
Now in CF: Arturo Annunziato
Batting: LHB Myron Rosenbalm 0-0: Ball
1-0: Ball
2-0: Called Strike
2-1: Foul Ball, location: 2F
2-2: Ground out 5-3 (Groundball, 5)
Batting: SHB John Clayton 0-0: Ball
1-0: Ball
2-0: Foul Ball, location: 2F
2-1: Fly out, F5 (Line Drive, 56S)
Batting: RHB Scott Donlan 0-0: Ball
1-0: Ball
2-0: Ball
3-0: Called Strike
3-1: Called Strike
3-2: Strikes out looking
Bottom of the 9th over - 0 runs, 0 hits, 0 errors, 0 left on base; Athletic Club KC Academy 5 - Irving 3
Tuesday, December 19th, 2017 - OOTP Baseball 18.8 Build 76